 Dungeon Crawl Stone Soup version 0.31.0-11-ge490571c62 (webtiles) character file.

Game seed: 4743641057818292262

588 Fodor the Chopper (level 7, -4/60 HPs)
             Began as a Minotaur Fighter on Jan 29, 2024.
             Killed from afar by an orc wizard (10 damage)
             ... with a magic dart
             ... on level 5 of the Dungeon on Jan 30, 2024.
             The game lasted 00:22:05 (3153 turns).

Fodor the Chopper (Minotaur Fighter)                Turns: 3153, Time: 00:22:05

Health: -4/60      AC: 10    Str: 23    XL:     7   Next: 15%
Magic:  6/6        EV:  8    Int:  5    God:
Gold:   198        SH:  5    Dex: 15    Spells: 6/6 levels left

rFire   x . .        a - +0 war axe
rCold   + . .        c - +0 buckler
rNeg    . . .        s - +0 chain mail
rPois   .            (helmet currently unavailable)
rElec   .            (cloak currently unavailable)
rCorr   .            t - melded +2 pair of gloves of Quasiugi {Dex+3}
SInv    .            (boots currently unavailable)
Will    .....        (no amulet) Stlth
                     g - +6 ring of dexterity
HPRegen 0.30/turn    q - ring of ice
MPRegen 0.10/turn

%: no passive effects
@: beast-form
A: beast (slay +1), horns 2, retaliatory headbutt
a: Begin Untransformation


You were on level 5 of the Dungeon.
You were a hulking beast.
You visited 1 branch of the dungeon, and saw 5 of its levels.

You collected 198 gold pieces.

Inventory:

Hand Weapons
 a - a +0 war axe (weapon)
Armour
 c - a +0 buckler (worn)
 s - a +0 chain mail (worn)
 t - the +2 pair of gloves of Quasiugi (melded) {Dex+3}
   (You found it on level 3 of the Dungeon)

   Dex+3:     It affects your dexterity (+3).
Jewellery
 g - a +6 ring of dexterity (left hand)
 q - a ring of ice (right hand)
 r - a ring of protection from cold
 y - a +6 ring of intelligence
 C - a ring of protection from cold
Talismans
 l - a beast talisman (active)
 v - a flux talisman
Scrolls
 b - a scroll of noise {unknown}
 f - 5 scrolls of identify {unknown}
 h - a scroll of silence {unknown}
 i - 2 scrolls of brand weapon {unknown}
 k - a scroll of enchant weapon {unknown}
 m - a scroll of summoning {unknown}
 n - a scroll of blinking {unknown}
 x - 3 scrolls of teleportation {unknown}
 A - a scroll of revelation {unknown}
Potions
 d - a potion of might
 e - a potion of cancellation
 j - 2 potions of attraction {unknown}
 o - a potion of mutation {unknown}
 p - a potion of magic {unknown}
 u - 2 potions of haste {unknown}
 w - a potion of curing {unknown}
 z - a potion of heal wounds {unknown}
 B - a potion of berserk rage {unknown}


   Skills:
 + Level 4.9 Fighting
 + Level 6.0 Axes
 + Level 5.5 Armour
 + Level 1.0 Dodging
 + Level 1.1 Stealth
 + Level 4.5 Shields
 + Level 1.9 Shapeshifting


You had 6 spell levels left.
You didn't know any spells.
Your spell library contained the following spells:

 Spells                   Type           Power      Damage    Failure   Level
 Sandblast                Erth           0%         2d4       98%         1
 Fugue of the Fallen      Necr           0%         N/A       100%        3
 Vampiric Draining        Necr           0%         2d6       100%        3


Dungeon Overview and Level Annotations

Branches:
Dungeon (5/15)
 Temple: D:4-7

Altars:
Makhleb
The Shining One

Annotations:
D:4 3 runed translucent doors, Gadfly's ghost, novice DsMo


Innate Abilities, Weirdness & Mutations

You are a hulking beast.
Your limbs bulge with bestial killing power. (Slay +1)
You have a pair of horns on your head.
You reflexively headbutt those who attack you in melee.


Message History

The orc priest casts a cantrip, but nothing happens.
Something hits you but does no damage.
It was a potion of cancellation.
Your magical effects are unravelling.
You feel magically purged.
You feel a little less mighty now.
The orc priest calls down the wrath of Beogh upon you.
You struggle to resist.
Something hits you but does no damage.
You closely miss the orc priest.
The orc priest is heavily wounded.
You closely miss something.
The orc priest begins to cast a cantrip, but forgets the words!
Something hits you but does no damage.
You closely miss the orc priest.
The orc priest is heavily wounded.
You hit something. The orc priest completely misses you.
Something hits you but does no damage.
You closely miss the orc priest.
The orc priest is heavily wounded.
You slash something!
The orc priest casts a cantrip, but nothing happens.
Something hits you but does no damage. You block the orc priest's attack.
Something hits you.
* * * LOW HITPOINT WARNING * * *
You slash the orc priest!
You kill the orc priest!
You hit something.
You hear some strange, mumbled words.
A puff of flame appears from out of thin air!
You block the puff of flame.
Your Axes skill increases to level 6!
You closely miss something. Something hits you but does no damage.
You hit something but do no damage. Your headbutt misses something.
Something hits you.
* * * LOW HITPOINT WARNING * * *
You miss something.
You hear some strange, mumbled words.
A magic dart appears from out of thin air!
The magic dart hits you!
You die...

#..#### #......
#>....######
..###......#
#..........# #
#.##...<#######.
#.#.##)#..........
#.#.##)#.#....###.
#....{h#.#....#
###.####......#
##....#).....#
#......)...###
########†)..##
#.....#
#####)..#...#
#.......###...
#.......# ##.


There were no monsters in sight!

Vanquished Creatures
  A centaur (D:5)
  A phantom (D:4)
  2 scorpions
  A howler monkey (D:4)
  A bombardier beetle (D:4)
  3 orc priests (D:5)
  Jessica (D:2)
  3 gnolls (D:4)
  2 adders
  2 ribbon worms
  A dart slug (D:3)
  11 orcs
  4 ball pythons
  4 endoplasms
  11 giant cockroaches
  3 goblins
  6 hobgoblins
  3 jackals (D:4)
  4 kobolds
  2 quokkas
  4 bats
  3 rats
73 creatures vanquished.

Notes
Turn   | Place    | Note
-------+----------+-------------------------------------------
     0 | D:1      | Fodor the Minotaur Fighter began the quest for the Orb.
     0 | D:1      | Reached XP level 1. HP: 19/19 MP: 0/0
   261 | D:1      | Reached XP level 2. HP: 27/27 MP: 1/1
   841 | D:2      | Noticed Jessica
   852 | D:2      | Killed Jessica
   853 | D:2      | Reached skill level 3 in Axes
   853 | D:2      | Reached XP level 3. HP: 30/33 MP: 2/2
  1340 | D:2      | Reached XP level 4. HP: 40/40 MP: 3/3
  1395 | D:3      | Got the Textbook on Maleficent Arts and Grit
  1618 | D:3      | Identified the +2 pair of gloves of Quasiugi {Dex+3}
  2258 | D:3      | Found a burning altar of Makhleb.
  2351 | D:4      | Reached skill level 4 in Axes
  2351 | D:4      | Reached XP level 5. HP: 38/46 MP: 4/4
  2382 | D:4      | Reached skill level 1 in Shapeshifting
  2469 | D:4      | Found a runed translucent gate.
  2469 | D:4      | Found a runed translucent gate.
  2469 | D:4      | Found a runed translucent gate.
  2477 | D:4      | Noticed an ice beast
  2481 | D:4      | Noticed a phantom
  2493 | D:4      | Reached skill level 5 in Armour
  2493 | D:4      | Reached skill level 1 in Dodging
  2494 | D:4      | Killed a phantom
  2495 | D:4      | Reached XP level 6. HP: 41/53 MP: 5/5
  2528 | D:4      | Noticed Gadfly's ghost (novice DsMo)
  2529 | D:4      | Noticed an ice beast
  2631 | D:4      | Found a glowing golden altar of the Shining One.
  2915 | D:4      | Reached skill level 1 in Stealth
  3041 | D:5      | Entered Level 5 of the Dungeon
  3054 | D:5      | Reached skill level 5 in Axes
  3066 | D:5      | Reached XP level 7. HP: 38/60 MP: 6/6
  3151 | D:5      | Reached skill level 6 in Axes
  3153 | D:5      | Killed from afar by an orc wizard

Illustrated notes

Levels and vault maps discovered:
D:1:      dpeg_arrival_fog, layout_basic, chequers_big_river
D:2:      minmay_roachtagon, layout_basic, uniq_jessica
D:3:      layout_loops_corners, mainiacjoe_overflow_paths,
          small_statue_intersection, kennysheep_generic_room_3
D:4:      layout_loops_ring, tso_metal_star, gammafunk_ghost_icy, uniq_sigmund
D:5:      layout_basic

Skill      XL: |  1  2  3  4  5  6  7 |
---------------+----------------------+-----
Armour         | 4 5 |  5.5
Axes           | 3 4 5 6 |  6.0
Fighting       | 4 |  4.9
Shields        | 4 |  4.5
Shapeshifting  | 1 |  1.9
Dodging        | 1 |  1.0
Stealth        | 1 |  1.1

Action                     |  1- 3 |  4- 6 |  7- 9 || total
---------------------------+-------+-------+-------++-------
  Melee: War axe           |    64 |    73 |    18 ||   155
         Headbutt          |     9 |    14 |     2 ||    25
    Use: Potion            |       |       |     2 ||     2
 Armour: Scale mail        |    63 |     5 |       ||    68
         Chain mail        |       |    56 |    17 ||    73
  Dodge: Dodged            |    43 |    42 |     4 ||    89
  Block: Buckler           |    25 |    29 |     5 ||    59
   Form: Beast             |     1 |     1 |       ||     2
                           |       |     1 |       ||     1
